 Dungeon Crawl Stone Soup version 0.14-a0-2443-g5aee772 (webtiles) character file.

145 4tharraofdagon the Firebug (level 4, -4/35 HPs)
             Began as a Demigod Fire Elementalist on Feb 6, 2014.
             Killed from afar by Natasha (6 damage)
             ... with a magic dart
             ... on Level 3 of the Dungeon.
             The game lasted 00:06:27 (959 turns).

4tharraofdagon the Firebug (DgFE)                    Turns: 959, Time: 00:06:27

HP  -4/35        AC  3     Str 11      XL: 4   Next:  3%
MP   3/10        EV 11     Int 21      God:
Gold 61          SH  0     Dex 17      Spells:  2 memorised,  3 levels left

rFire  . . .     SeeInvis .     w - +0 halberd
rCold  . . .     Clarity  .     t - +0 orc leather armour
rNeg   . . .     Conserve .     (no shield)
rPois  .         rCorr    .     (no helmet)
rElec  .         rRot     .     (no cloak)
SustAb . .       Spirit   .     (no gloves)
rMut   .         Warding  .     (no boots)
Saprov . . .     Stasis   .     (no amulet)
MR     .....                    (no ring)
                                (no ring)

@: slowed, very slow, not resistant to hostile enchantments, fairly stealthy
A: no striking features
a: no special abilities


You were on level 3 of the Dungeon.
You were not hungry.

You visited 1 branch of the dungeon, and saw 3 of its levels.

You collected 61 gold pieces.

Inventory:

Hand weapons
 j - a +0,+0 dagger
 m - a +0,+1 orcish dagger
 s - a -1,+0 orcish flail
 v - a -2,+0 flail
 w - a +0,+0 halberd (weapon)
Missiles
 o - 6 javelins (quivered)
 u - a throwing net
Armour
 a - a +0 robe
 l - a +0 leather armour
 p - a +0 orcish chain mail
 t - a +0 orcish leather armour (worn)
Comestibles
 c - a bread ration
 q - a choko
 r - 2 meat rations
 B - a honeycomb
Scrolls
 d - a scroll of remove curse
 e - a scroll of enchant weapon I {unknown}
 f - a scroll of immolation {unknown}
 g - 2 scrolls of teleportation
 i - a scroll of recharging {unknown}
 k - 2 scrolls of noise {unknown}
 x - a scroll of blinking {unknown}
 y - a scroll of enchant weapon II {unknown}
 A - a scroll of fog {unknown}
Jewellery
 h - a -5 ring of dexterity
Potions
 n - a potion of restore abilities
 z - a potion of invisibility {unknown}
Books
 b - a book of Flames

   Spells                             Type                      Level
   *Flame Tongue                      Conjuration/Fire             1
   Throw Flame                        Conjuration/Fire             2
   *Conjure Flame                     Conjuration/Fire             3
   Inner Flame                        Hexes/Fire                   3
   Sticky Flame                       Conjuration/Fire             4
   Fireball                           Conjuration/Fire             5


   Skills:
 + Level 1.1 Fighting
 + Level 1.3 Armour
 - Level 1.7 Dodging
 - Level 1.7 Stealth
 + Level 2.0 Spellcasting
 * Level 1.6 Conjurations
 * Level 3.5 Fire Magic


You had 3 spell levels left.
You knew the following spells:

 Your Spells              Type           Power        Failure   Level  Hunger
a - Flame Tongue          Conj/Fire      ##...        6%          1    #......
b - Conjure Flame         Conj/Fire      ##......     17%         3    ###....


Dungeon Overview and Level Annotations

Branches:
Dungeon (3/16)

Annotations:
D:2 Sigmund
D:3 Natasha


Message History

Press: ? - help, Shift-Dir - straight line, f/p - Natasha
Aim: Natasha (moderately wounded)
The flame hits Natasha.
Natasha appears unharmed.
Natasha is moderately wounded.
Natasha barely misses you. The rat barely misses you. The iron imp hits you!
* * * LOW HITPOINT WARNING * * *
Natasha casts a spell at you.
You feel as though you will be slow longer.
The rat barely misses you.
Casting: Flame Tongue
Confirm with . or Enter, or press ? or * to list all spells.
Aiming: Flame Tongue
Press: ? - help, Shift-Dir - straight line, f/p - Natasha
Aim: Natasha (moderately wounded)
The flame hits Natasha.
Natasha is heavily wounded.
The iron imp closely misses you.
Natasha stares at you and mumbles some strange words.
The magic dart hits you!
You die...

# .g............# #..
#.####.####.# #..
#...........#
..##..###..###.###..#
.......#.###.# #..#### #
#.##.##.##..# #...... #
#....%...#.## #...### ##
#.##r##..#.## #...# .#
#.##@##.....# #(..# ##
###.#.###..5h.....#.......#
#
.........#######....#####.#
# .................#.## #.#
....##..######..#.# #.#.
#.. ... #..# #..#.# #....
#....# ...# #..#.## ...#.
#.... ..... #...... .....
..... #.#.# #..... ....#


You could see an iron imp, Natasha and a rat.

Vanquished Creatures
  A quasit (D:3)
  2 adders
  3 gnolls
  An ooze (D:3)
  2 orcs (D:3)
  2 ball pythons (D:3)
  3 bats
  7 hobgoblins
  3 kobolds
  A giant cockroach (D:1)
  2 giant geckos (D:1)
  2 giant newts
  3 goblins
  2 rats
34 creatures vanquished.

Notes
Turn   | Place    | Note
--------------------------------------------------------------
     0 | D:1      | 4tharraofdagon, the Demigod Fire Elementalist, began the quest for the Orb.
     0 | D:1      | Reached XP level 1. HP: 14/14 MP: 3/3
    47 | D:1      | Reached skill level 1 in Conjurations
   177 | D:1      | Reached XP level 2. HP: 5/22 MP: 0/4
   317 | D:2      | Reached skill level 1 in Armour
   394 | D:2      | Noticed Sigmund
   426 | D:3      | Found a bloodstained altar of Trog.
   484 | D:2      | Reached skill level 3 in Fire Magic
   556 | D:2      | Reached XP level 3. HP: 12/27 MP: 0/7
   561 | D:2      | Learned a level 3 spell: Conjure Flame
   620 | D:3      | Reached skill level 1 in Fighting
   839 | D:3      | Reached XP level 4. HP: 20/35 MP: 6/10
   943 | D:3      | Noticed Natasha
   959 | D:3      | Killed from afar by Natasha

Action                   |  1- 3 |  4- 6 || total
-------------------------+-------+-------++-------
Melee: Unarmed           |    13 |       ||    13
       Dagger            |     2 |       ||     2
       Halberd           |     4 |     8 ||    12
 Cast: Flame Tongue      |    50 |     9 ||    59
       Conjure Flame     |       |     1 ||     1
  Use: Potion            |     2 |       ||     2
       Scroll            |     2 |       ||     2
